 Dungeon Crawl Stone Soup version 0.28-a0-397-g1a7b1a870f (webtiles) character file.

Game seed: 3949714630733438180

246 Gargoyl the Skirmisher (level 6, -2/47 HPs)
             Began as a Gnoll Abyssal Knight on Sept 4, 2021.
             Was a Believer of Lugonu.
             Slain by an ogre (23 damage)
             ... on level 4 of the Dungeon.
             The game lasted 00:03:33 (3164 turns).

Gargoyl the Skirmisher (Gnoll Abyssal Knight)       Turns: 3164, Time: 00:03:34

Health: -2/47      AC: 15    Str: 13    XL:     6   Next: 11%
Magic:  9/9        EV:  4    Int: 12    God:    Lugonu [**....]
Gold:   90         SH:  0    Dex: 11    Spells: 8/8 levels left

rFire   . . .      SeeInvis .   a - +1 hand axe
rCold   . . .      Faith    .   (no shield)
rNeg    . . .      Spirit   .   c - +1 plate armour
rPois   .          Reflect  .   (no helmet)
rElec   .          Harm     .   h - +0 cloak
rCorr   .          Rampage  .   (no gloves)
Will    .....                   l - +0 pair of boots
Stlth   ..........              (no amulet)
HPRegen 0.15/turn               (no ring)
MPRegen 0.11/turn               (no ring)

@: no status effects
A: fangs 1, strong nose, distributed training, camouflage 1, frail 1
a: Renounce Religion, Depart the Abyss, Bend Space


You were on level 4 of the Dungeon.
You worshipped Lugonu.
Lugonu was pleased with you.
You visited 1 branch of the dungeon, and saw 4 of its levels.
You visited the Abyss 1 time.

You collected 90 gold pieces.

Inventory:

Hand Weapons
 a - a +1 hand axe (weapon)
 n - a +0 war axe
Missiles
 g - 10 poisoned darts (quivered)
Armour
 c - a +1 plate armour (worn)
 h - a +0 cloak (worn)
 l - a +0 pair of boots (worn)
Scrolls
 i - a scroll of vulnerability {unknown}
 j - a scroll of identify {unknown}
 k - a scroll of enchant weapon {unknown}
 m - a scroll of teleportation
Potions
 b - a potion of lignification {unknown}
 d - a potion of mutation
 e - a potion of berserk rage {unknown}
 f - a potion of attraction {unknown}


   Skills:
 + Level 6.8 Fighting
 + Level 1.8 Short Blades
 + Level 1.8 Long Blades
 + Level 4.9 Axes
 + Level 1.8 Maces & Flails
 + Level 1.8 Polearms
 + Level 1.8 Staves
 + Level 1.8 Slings
 + Level 1.8 Bows
 + Level 1.8 Crossbows
 + Level 1.8 Throwing
 + Level 4.9 Armour
 + Level 3.1 Dodging
 + Level 1.8 Stealth
 + Level 1.8 Shields
 + Level 1.8 Unarmed Combat
 + Level 1.8 Spellcasting
 + Level 1.4 Conjurations
 + Level 1.4 Hexes
 + Level 1.4 Summonings
 + Level 1.4 Necromancy
 + Level 1.4 Translocations
 + Level 1.4 Transmutations
 + Level 1.4 Fire Magic
 + Level 1.4 Ice Magic
 + Level 1.4 Air Magic
 + Level 1.4 Earth Magic
 + Level 1.4 Poison Magic
 + Level 5.0 Invocations
 + Level 1.8 Evocations


You had 8 spell levels left.
You didn't know any spells.
Your spell library contained the following spells:

 Spells                   Type           Power      Damage    Failure   Level
 Iskenderun's Battlesphe  Conj           4%         2d6       100%        5
 Conjure Ball Lightning   Conj/Air       2%         3x3d6     100%        6
 Orb of Destruction       Conj           2%         9d1       100%        7


Dungeon Overview and Level Annotations

Branches:
Dungeon (4/15)
 Temple: D:4-7

Altars:
Cheibriados
Makhleb
Trog
Vehumet
Xom
The Shining One

Annotations:
D:3 2 transporters, WhatIsLove's ghost, weakling TrHu
D:4 1 transporter


Innate Abilities, Weirdness & Mutations

You have very sharp teeth.
Your uncanny sense of smell can sniff out nearby items.
Your experience applies equally to all skills.
Your skin changes colour to match your surroundings (Stealth+).
You are frail. (-10% HP)


Message History

You now have 90 gold pieces (gained 11).
You see here 8 atropa-tipped darts.
HP restored.
An ogre comes into view. It is wielding a +0 giant spiked club.
The ogre shouts!
Throw: 15 darts (poison)
Press: ? - help, Q - select action, (/) - cycle Shift-Dir - straight line, f - ogre
Aim: an ogre, wielding a +0 giant spiked club (71% to hit)
You throw a poisoned dart.
The poisoned dart barely misses the ogre.
The ogre hits you with a +0 giant spiked club.
Throw: 14 darts (poison)
Press: ? - help, Q - select action, (/) - cycle Shift-Dir - straight line, f/p - ogre
Aim: an ogre, wielding a +0 giant spiked club (73% to hit)
You throw a poisoned dart.
The poisoned dart barely misses the ogre.
The ogre hits you with a +0 giant spiked club.
Throw: 13 darts (poison)
Press: ? - help, Q - select action, (/) - cycle Shift-Dir - straight line, f/p - ogre
Aim: an ogre, wielding a +0 giant spiked club (72% to hit)
You throw a poisoned dart. The poisoned dart hits the ogre.
Unknown command.
Throw: 12 darts (poison)
Press: ? - help, Q - select action, (/) - cycle Shift-Dir - straight line, f/p - ogre
Aim: an ogre, wielding a +0 giant spiked club (72% to hit)
You throw a poisoned dart. The poisoned dart hits the ogre.
The ogre is poisoned.
The ogre hits you with a +0 giant spiked club!!
You see here 8 atropa-tipped darts.
Throw: 11 darts (poison)
Press: ? - help, Q - select action, (/) - cycle Shift-Dir - straight line, f/p - ogre
Aim: an ogre, wielding a +0 giant spiked club (lightly wounded, poisoned, 73% to hit)
You throw a poisoned dart. The poisoned dart hits the ogre.
The ogre is lightly wounded.
The ogre hits you but does no damage.
It was a potion of mutation.
You feel extremely strange.
You feel frail.
Your skin functions as natural camouflage.
The ogre hits you with a +0 giant spiked club!!
You die...

.............#####
...#.#.......# .
#.#.#....##
#........#
######.### #.# #[#
#.# #@# #O# #.#
#.# #.# #(# #.#
......(.#
#########


You could see an ogre (poisoned).

Vanquished Creatures
  A sky beast (D:4)
  A water moccasin skeleton (D:3)
  4 adders
  2 worms (D:2)
  6 orcs
  7 endoplasms
  6 giant cockroaches
  5 goblins
  5 hobgoblins
  3 jackals (D:1)
  6 kobolds
  A quokka (D:2)
  5 ball pythons
  6 bats
  2 frilled lizards (D:2)
  3 rats
63 creatures vanquished.

Vanquished Creatures (others)
  A fungus (D:1)
1 creature vanquished.

Grand Total: 64 creatures vanquished

Notes
Turn   | Place    | Note
-------+----------+-------------------------------------------
     0 | Abyss:1  | Gargoyl the Gnoll Abyssal Knight began the quest for the
                  | Orb.
     0 | Abyss:1  | Reached XP level 1. HP: 23/23 MP: 3/3
    91 | Abyss:2  | Noticed a hell hound
    91 | Abyss:2  | Noticed a hell hound
    99 | Abyss:2  | Noticed a hell hound
   110 | Abyss:3  | Found a corrupted altar of Lugonu.
   118 | Abyss:3  | Noticed a large abomination
   130 | Abyss:3  | Noticed a rakshasa
   130 | D:1      | Escaped the Abyss
   424 | D:1      | Reached XP level 2. HP: 29/29 MP: 5/5
   527 | D:1      | Reached * piety under Lugonu
   617 | D:1      | Found a faded altar of an unknown god.
   740 | D:1      | Reached XP level 3. HP: 34/35 MP: 6/6
  1005 | D:2      | You fall into a shaft and drop 1 floor!
  1485 | D:2      | Reached skill level 1 in Short Blades
  1485 | D:2      | Reached skill level 1 in Long Blades
  1485 | D:2      | Reached skill level 1 in Maces & Flails
  1485 | D:2      | Reached skill level 1 in Polearms
  1485 | D:2      | Reached skill level 1 in Staves
  1485 | D:2      | Reached skill level 1 in Slings
  1485 | D:2      | Reached skill level 1 in Bows
  1485 | D:2      | Reached skill level 1 in Crossbows
  1485 | D:2      | Reached skill level 1 in Throwing
  1485 | D:2      | Reached skill level 1 in Stealth
  1485 | D:2      | Reached skill level 1 in Shields
  1485 | D:2      | Reached skill level 1 in Unarmed Combat
  1485 | D:2      | Reached skill level 1 in Spellcasting
  1485 | D:2      | Reached skill level 1 in Evocations
  1645 | D:2      | Reached XP level 4. HP: 40/41 MP: 7/7
  1969 | D:3      | Reached ** piety under Lugonu
  1978 | D:3      | Found a radiant altar of Vehumet.
  1980 | D:3      | Found a bloodstained altar of Trog.
  1981 | D:3      | Found a glowing golden altar of the Shining One.
  2086 | D:3      | Found a shimmering altar of Xom.
  2156 | D:3      | Noticed an ogre
  2159 | D:3      | Noticed WhatIsLove's ghost (weakling TrHu)
  2159 | D:3      | Noticed an ogre
  2237 | D:3      | Found a burning altar of Makhleb.
  2240 | D:3      | Found a snail-covered altar of Cheibriados.
  2279 | D:3      | Found a transporter.
  2285 | D:3      | Found a transporter.
  2549 | D:3      | Reached skill level 1 in Conjurations
  2549 | D:3      | Reached skill level 1 in Hexes
  2549 | D:3      | Reached skill level 1 in Summonings
  2549 | D:3      | Reached skill level 1 in Necromancy
  2549 | D:3      | Reached skill level 1 in Translocations
  2549 | D:3      | Reached skill level 1 in Transmutations
  2549 | D:3      | Reached skill level 1 in Fire Magic
  2549 | D:3      | Reached skill level 1 in Ice Magic
  2549 | D:3      | Reached skill level 1 in Air Magic
  2549 | D:3      | Reached skill level 1 in Earth Magic
  2549 | D:3      | Reached skill level 1 in Poison Magic
  2549 | D:3      | Reached XP level 5. HP: 26/47 MP: 8/8
  2903 | D:4      | Noticed a sky beast
  2903 | D:4      | Found a transporter.
  2960 | D:4      | Killed a sky beast
  2961 | D:4      | Reached skill level 5 in Invocations
  2961 | D:4      | Reached XP level 6. HP: 29/53 MP: 9/9
  3164 | D:4      | Gained mutation: You are frail. (-10% HP) [potion of
                  | mutation]
  3164 | D:4      | Gained mutation: Your skin changes colour to match your
                  | surroundings (Stealth+). [potion of mutation]
  3164 | D:4      | Slain by an ogre

Illustrated notes

Levels and vault maps discovered:
D:1:      dpeg_arrival_water_fire, layout_basic, basic_ecumenical_altar,
          minmay_worlds_worst_comb
D:2:      layout_loops_ring, kennysheep_generic_room_13
D:3:      layout_loops_cross, mainiacjoe_overflow_alcove_2, minitemple,
          grunt_temple_overflow_open, gammafunk_ghost_smash, minmay_puff
D:4:      gammafunk_steamed_eel, layout_loops_cross, nicolae_ru_path_of_blood

Skill      XL: |  1  2  3  4  5 |
---------------+----------------+-----
Short Blades   | 1 |  1.8
Long Blades    | 1 |  1.8
Maces & Flails | 1 |  1.8
Polearms       | 1 |  1.8
Staves         | 1 |  1.8
Slings         | 1 |  1.8
Bows           | 1 |  1.8
Crossbows      | 1 |  1.8
Throwing       | 1 |  1.8
Stealth        | 1 |  1.8
Shields        | 1 |  1.8
Unarmed Combat | 1 |  1.8
Spellcasting   | 1 |  1.8
Evocations     | 1 |  1.8
Conjurations   | 1 |  1.4
Hexes          | 1 |  1.4
Summonings     | 1 |  1.4
Necromancy     | 1 |  1.4
Translocations | 1 |  1.4
Transmutations | 1 |  1.4
Fire Magic     | 1 |  1.4
Ice Magic      | 1 |  1.4
Air Magic      | 1 |  1.4
Earth Magic    | 1 |  1.4
Poison Magic   | 1 |  1.4
Dodging        | 3 |  3.1
Invocations    | 5 |  5.0
Fighting       | |  6.8
Axes           | |  4.9
Armour         | |  4.9

Action                   |  1- 3 |  4- 6 || total
-------------------------+-------+-------++-------
Melee: Hand axe          |   113 |   129 ||   242
       Bite              |     9 |    10 ||    19
Throw: Dart              |       |     5 ||     5
Invok: Depart the Abyss  |     1 |       ||     1
  Use: Scroll            |     3 |     1 ||     4
       Potion            |       |     1 ||     1
Armor: Plate armour      |    98 |   107 ||   205
Dodge: Dodged            |    25 |    12 ||    37

Table legend: (Time is in decaauts)
 A = Elapsed time spent in this place.
 B = Non-inter-level travel time spent in this place.
 C = Inter-level travel time spent in this place.
 D = Time resting spent in this place.
 E = Time spent auto-exploring this place.
 F = Levels seen in this place.
 G = Mean time per level.
                   A        B        C        D        E       F      G
               +--------+--------+--------+--------+--------+-----+--------+
         Total |   3179 |   3098 |     81 |     30 |   2347 |   7 |  454.1 |
       Dungeon |   3050 |   2969 |     81 |     30 |   2260 |   4 |  762.5 |
         Abyss |    129 |    129 |      0 |      0 |     87 |   3 |   43.0 |
               +--------+--------+--------+--------+--------+-----+--------+

Top non-repeatable levels by time:
     D:3: 1069 daAuts
     D:2: 925 daAuts
     D:1: 789 daAuts
     D:4: 265 daAuts
 Abyss:1: 86 daAuts
 Abyss:2: 23 daAuts
 Abyss:3: 19 daAuts
